 Dungeon Crawl Stone Soup version 0.26.1-11-gd32895ea62 (webtiles) character file.

Game seed: 12811848514189939316

57432 Almogavar the Warrior (level 14, -21/207 HPs)
             Began as a Minotaur Berserker on May 25, 2021.
             Was the Champion of Trog.
             Demolished by a komodo dragon (42 damage)
             ... on level 5 of the Lair of Beasts.
             The game lasted 01:01:26 (25476 turns).

Almogavar the Warrior (Minotaur Berserker)         Turns: 25476, Time: 01:01:27

Health: -21/207    AC: 18    Str: 38    XL:     14   Next: 45%
Magic:  7/13       EV: 19    Int:  8    God:    Trog [******]
Gold:   2512       SH:  0    Dex:  8    Spells: 13/13 levels left

rFire    . . .     SeeInvis .   y - +8 falchion of Apiuk {vorpal, rElec Str+9 Stlth-}
rCold    + + .     Faith    +   (no shield)
rNeg     + . .     Spirit   .   f - +0 ice dragon scales
rPois    .         Reflect  .   n - +1 hat {Will+}
rElec    +         Harm     .   t - +1 cloak
rCorr    .         Rampage  .   o - +1 pair of gloves
Will     ++++.                  G - +0 pair of boots
Stlth    ..........             p - amulet of faith
HPRegen  1.44/turn              m - ring "Gorusamm" {rN+ EV+4}
MPRegen  0.13/turn              v - ring "Pippaud" {+Fly rF+ Str+2 Int+4 Stlth-}

@: berserking, lethally poisoned (-21 -> -22), regenerating, slowed
A: retaliatory headbutt, horns 2, clumsy 1, deformed body
a: Renounce Religion, Evoke Flight, Berserk, Trog's Hand, Brothers in Arms


You were on level 5 of the Lair of Beasts.
You worshipped Trog.
Trog was exalted by your worship.
You visited 4 branches of the dungeon, and saw 19 of its levels.
You also visited: Ossuary, Bailey and Ice Cave.

You collected 2688 gold pieces.
You spent 176 gold pieces at shops.

Inventory:

Hand Weapons
 a - a +7 long sword of flaming
 g - the +3 glaive of Severance {freeze, rF+ Str+4 SInv}
   (You found it in a bailey)

   It has been specially enchanted to freeze those struck by it, causing extra
   injury to most foes and up to half again as much damage against particularly
   susceptible opponents.
   It can also slow down cold-blooded creatures.
   It affects your strength (+4).
   It protects you from fire.
   It lets you see invisible.
 y - the +8 falchion of Apiuk (weapon) {vorpal, rElec Str+9 Stlth-}
   (You found it on level 3 of the Lair of Beasts)

   It inflicts extra damage upon your enemies.
   It affects your strength (+9).
   It insulates you from electricity.
   It makes you less stealthy.
 Y - the +9 glaive of Crystal {freeze, rPois Int+4}
   (You found it in an ice cave)

   It has been specially enchanted to freeze those struck by it, causing extra
   injury to most foes and up to half again as much damage against particularly
   susceptible opponents.
   It can also slow down cold-blooded creatures.
   It affects your intelligence (+4).
   It protects you from poison.
Missiles
 h - 74 sling bullets
 l - 594 stones (quivered)
 q - 76 bolts
Armour
 f - +0 ice dragon scales (worn)
 n - a +1 hat of willpower (worn)
 o - a +1 pair of gloves (worn)
 s - a +0 chain mail
 t - a +1 cloak (worn)
 A - a +0 plate armour
 G - a +0 pair of boots (worn)
 W - a +0 cloak of cold resistance
 X - a +0 hat of intelligence
Jewellery
 d - an uncursed amulet of regeneration {unknown}
 m - the ring "Gorusamm" (left hand) {rN+ EV+4}
   (You found it on level 3 of the Lair of Beasts)

   [ring of evasion]

   It affects your evasion (+4).
   It protects you from negative energy.
 p - an amulet of faith (around neck)
 u - an uncursed ring of stealth
 v - the ring "Pippaud" (right hand) {+Fly rF+ Str+2 Int+4 Stlth-}
   (You found it on level 4 of the Dungeon)

   [ring of attention]

   It affects your strength (+2).
   It affects your intelligence (+4).
   It protects you from fire.
   It lets you fly.
   It makes you less stealthy.
 w - an uncursed amulet of reflection
 H - an uncursed ring of fire
 J - an uncursed ring of protection from cold
 Z - a +6 ring of dexterity
Wands
 r - a wand of polymorph (51)
 C - a wand of iceblast (15)
 E - a wand of paralysis (9)
 O - a wand of enslavement (9)
 P - a wand of acid (23)
 Q - a wand of random effects (16)
Scrolls
 c - 8 scrolls of teleportation
 e - 4 scrolls of blinking
 k - 3 scrolls of enchant armour
 x - 11 scrolls of remove curse
 B - 2 scrolls of enchant weapon
 D - a scroll of fog {unknown}
 I - a scroll of holy word {unknown}
 K - 2 scrolls of silence {unknown}
 M - 2 scrolls of fear
 N - a scroll of acquirement {unknown}
Potions
 b - 6 potions of curing
 i - 3 potions of invisibility
 j - 2 potions of haste
 z - 6 potions of heal wounds
 F - 4 potions of ambrosia {unknown}
 L - 8 potions of might {unknown}
 R - 2 potions of degeneration {unknown}
 T - 2 potions of mutation {unknown}
 U - 2 potions of flight
 V - a potion of resistance {unknown}


   Skills:
 + Level 16.7 Fighting
 - Level 14.0 Long Blades
 - Level 1.2 Throwing
 + Level 14.9 Armour
 + Level 11.6 Dodging
 - Level 0.1 Stealth
 * Level 5.6 Evocations


You had 13 spell levels left.
You didn't know any spells.
Your spell library was empty.

Dungeon Overview and Level Annotations

Branches:
Dungeon (11/15)            Temple (1/1) D:5            Lair (5/6) D:11
 Shoals (0/4) Lair:4       Spider (0/4) Lair:4        Slime (0/5) Lair:5
    Orc (2/2) D:11            Elf (0/3) Orc:2       Ossuary (visited)
 Bailey (visited)           IceCv (visited)

Altars:
Gozag
Kikubaaqudgha
Qazlal
Sif Muna
Vehumet
Xom
Yredelemnul
Zin
Beogh
Jiyva

Shops:
D:10 =   Orc:1 =   Orc:2 ?(?:

Portals:
Trove: D:11 (give +8 demon trident)

Annotations:
Lair:5 1 transporter, Mortifus's ghost, journeyman TrBe
Orc:2 exclusion: oklob plant


Innate Abilities, Weirdness & Mutations

You reflexively headbutt those who attack you in melee.
You have a pair of horns on your head.
You are clumsy. (Dex -2)
Armour fits poorly on your strangely shaped body.


Message History

The komodo dragon goes berserk!
The fire crab closely misses you.
You riposte.
You slash the fire crab! You headbutt the fire crab!!
The fire crab is almost dead.
The fire crab claws you!
You are engulfed in flames!
You slash the fire crab!
You kill the fire crab!
Trog accepts your kill.
You feel sick. The komodo dragon bites you!!
* * * LOW HITPOINT WARNING * * *
Mortifus's ghost hits you!
* * * LOW HITPOINT WARNING * * *
You feel your power leaking away. The yak gores you!
* * * LOW HITPOINT WARNING * * *
The moth of wrath misses you.
You riposte.
You slash the moth of wrath! You headbutt the moth of wrath!
The moth of wrath is heavily wounded.
You are too berserk!
You feel sick. The komodo dragon bites you!!!
You die...

.P...........###w..###...#######
.P........P.##.......#...P#.#..#
#..P........#..#Y#...#.......###
............#..#.#...#......#.#
..........#.##.....#.##......##
.............#$.#wY.#.#..#...#
..>.........©#!=Y©#...#......###
.............#?#lWy..##.##..P#P##
..........P.##?#@..#.#©..#.......
..........#.# .#.##..##..........
..........#.#.#...#..©#..........
..........P.##..#....##.........#
.............#......##.........##
......>......##.#####..........##
...#.......#..###.............#.#
..................#....P#....####
...........P.....#.......#...#


You could see a torpor snail, a moth of wrath, a komodo dragon (berserk), 2 yaks
and Mortifus's ghost.

Vanquished Creatures
  Gastronok (Lair:2)
  A frost giant (IceCv)
  Snorg (Lair:3)
  Josephine (D:10)
  Erolcha (Orc:2)
  Harold (Lair:2)
  4 hydras
  An ogre mage (Orc:2)
  2 two-headed ogres
  An orc high priest (Orc:2)
  Nergalle (Orc:2)
  A fire crab (Lair:5)
  2 orc knights
  9 orc sorcerers
  An oklob plant (Lair:3)
  2 merfolk sirens (Lair:4)
  7 elephants
  A torpor snail (Lair:5)
  A black mamba (Lair:5)
  An ice statue (IceCv)
  13 cane toads
  A gargoyle (D:11)
  3 rime drakes
  10 komodo dragons
  2 merfolk (Lair:4)
  15 polar bears
  A hornet (D:10)
  13 blink frogs
  3 trolls
  8 dream sheep
  2 redbacks (Lair:4)
  A shadow (D:11)
  5 wraiths (D:10)
  41 yaks
  4 wyverns
  2 basilisks
  3 wargs
  6 water moccasins
  A black bear (D:10)
  18 orc warriors
  4 sky beasts
  10 ice beasts
  A phantom (D:10)
  A necrophage (D:11)
  9 ogres
  20 wolves
  6 centaurs
  3 big kobolds
  14 bullfrogs
  A gnoll sergeant (D:9)
  A water moccasin zombie (D:8)
  A wyvern skeleton (D:6)
  7 scorpions
  8 killer bees
  7 wights
  4 howler monkeys
  An electric eel (Lair:2)
  A centaur zombie (D:9)
  3 jellies
  6 hounds
  2 quasits
  Crazy Yiuf (D:3)
  2 centaur skeletons
  2 bullfrog skeletons (D:11)
  13 orc priests
  Ijyb (D:3)
  An iguana (D:9)
  37 orc wizards
  Terence (D:3)
  11 worker ants
  5 big kobold zombies (Ossuary)
  2 hound zombies
  2 hound skeletons
  A mummy (Ossuary)
  4 worker ant zombies
  Robin (D:3)
  A howler monkey zombie (D:6)
  9 gnolls
  12 adders
  A howler monkey skeleton (D:4)
  2 shadow imps
  A white imp (D:8)
  3 ufetubi
  2 oozes
  An adder zombie (D:7)
  An adder skeleton (D:4)
  A worm (D:4)
  4 dart slugs
  4 leopard geckos
  74 orcs
  2 spectral bats (Ossuary)
  4 giant cockroaches
  7 gnoll zombies (Ossuary)
  10 hobgoblins
  13 jackals
  23 kobolds
  5 quokkas
  3 ball pythons
  7 bats
  3 bat simulacra (Ossuary)
  5 frilled lizards
  14 goblins
  3 goblin simulacra (Ossuary)
  6 goblin zombies (Ossuary)
  4 hobgoblin zombies (Ossuary)
  2 kobold simulacra (Ossuary)
  6 kobold zombies (Ossuary)
  2 orc zombies (Ossuary)
  2 quokka skeletons
  2 quokka zombies
  12 rats
  A rat simulacrum (Ossuary)
  5 spectral goblins (Ossuary)
  2 spectral kobolds (Ossuary)
  2 spectral rats (Ossuary)
647 creatures vanquished.

Vanquished Creatures (collateral kills)
  A centaur warrior (D:8)
  Sonja (D:11)
  A deep elf archer (D:8)
3 creatures vanquished.

Vanquished Creatures (others)
  An unseen horror (D:10)
  An orc wizard (D:9)
  7 fungi
  20 plants
29 creatures vanquished.

Grand Total: 679 creatures vanquished

Notes
Turn   | Place    | Note
-------+----------+-------------------------------------------
     0 | D:1      | Almogavar the Minotaur Berserker began the quest for the
                  | Orb.
     0 | D:1      | Reached XP level 1. HP: 19/19 MP: 0/0
    69 | D:1      | Reached XP level 2. HP: 23/27 MP: 1/1
   132 | D:1      | Reached skill level 4 in Fighting
   481 | D:1      | Reached XP level 3. HP: 32/33 MP: 2/2
  1104 | D:2      | Reached ** piety under Trog
  1156 | D:2      | Noticed an ogre
  1163 | D:2      | Killed an ogre
  1164 | D:2      | Reached skill level 5 in Long Blades
  1164 | D:2      | Reached XP level 4. HP: 41/41 MP: 3/3
  1316 | D:2      | Reached XP level 5. HP: 47/47 MP: 4/4
  1537 | D:2      | Reached skill level 5 in Fighting
  2150 | D:3      | Noticed Ijyb
  2218 | D:3      | Killed Ijyb
  2273 | D:3      | Noticed Terence
  2277 | D:3      | Killed Terence
  2399 | D:3      | Found a shimmering blue altar of Sif Muna.
  2571 | D:3      | Reached XP level 6. HP: 51/56 MP: 5/5
  2712 | D:3      | Found a runed translucent door.
  2713 | D:3      | Noticed Crazy Yiuf
  2825 | D:3      | Noticed Robin
  2833 | D:3      | Reached *** piety under Trog
  2838 | D:3      | Killed Robin
  3114 | D:3      | Killed Crazy Yiuf
  3841 | D:4      | Got a clouded golden ring
  3842 | D:4      | Identified the ring "Pippaud" {+Fly rF+ Str+2 Int+4 Stlth-}
                  | (You found it on level 4 of the Dungeon)
  4117 | D:4      | Reached skill level 1 in Throwing
  4117 | D:4      | Reached XP level 7. HP: 36/61 MP: 6/6
  5000 | D:5      | Entered Level 5 of the Dungeon
  5887 | D:5      | Reached **** piety under Trog
  5888 | D:5      | Reached skill level 6 in Fighting
  5906 | D:5      | Found a staircase to the Ecumenical Temple.
  6092 | Temple   | Entered the Ecumenical Temple
  6121 | D:6      | Found a sand-covered staircase.
  6126 | Ossuary  | Entered an ossuary
  6403 | Ossuary  | Reached ***** piety under Trog
  6550 | Ossuary  | Reached XP level 8. HP: 69/71 MP: 7/7
  6725 | D:6      | Reached skill level 5 in Armour
  7307 | D:6      | Reached skill level 7 in Fighting
  7388 | D:6      | Reached skill level 5 in Dodging
  7425 | D:6      | Reached skill level 10 in Long Blades
  8022 | D:7      | Reached XP level 9. HP: 58/79 MP: 8/8
  8921 | D:7      | Reached skill level 8 in Fighting
  9126 | D:8      | Received a gift from Trog
  9237 | D:8      | Reached ****** piety under Trog
  9244 | D:8      | Found a flagged portal.
  9253 | Bailey   | Entered a bailey
  9514 | Bailey   | Found a bloodstained altar of Trog.
  9537 | Bailey   | Got a smoking glaive
  9538 | Bailey   | Identified the cursed +3 glaive of Severance {freeze, rF+
                  | Str+4 SInv} (You found it in a bailey)
  9753 | D:8      | Reached XP level 10. HP: 90/90 MP: 9/9
  9913 | D:8      | Found a stormy altar of Qazlal.
  9913 | D:8      | Found a glowing silver altar of Zin.
  9938 | D:8      | Noticed an orc knight
  9952 | D:8      | Noticed a deep elf archer
  9955 | D:8      | Killed an orc knight
  9956 | D:8      | Reached skill level 1 in Evocations
  9957 | D:8      | Noticed a centaur warrior
  9959 | D:8      | Killed a deep elf archer
  9971 | D:8      | Killed a centaur warrior
  9972 | D:8      | Reached skill level 9 in Fighting
 10682 | D:9      | Noticed a two-headed ogre
 10691 | D:9      | Killed a two-headed ogre
 11379 | D:10     | Entered Level 10 of the Dungeon
 11407 | D:10     | Found Oschyacau's Jewellery Boutique.
 11706 | D:10     | Received a gift from Trog
 11858 | D:10     | Found a shimmering altar of Xom.
 11858 | D:10     | Found a shimmering altar of Xom.
 11859 | D:10     | Found a shimmering altar of Xom.
 11859 | D:10     | Found a shimmering altar of Xom.
 12302 | D:11     | Noticed Josephine
 12326 | D:10     | Reached XP level 11. HP: 33/99 MP: 10/10
 12708 | D:10     | Killed an unseen horror
 12712 | D:10     | Killed Josephine
 12916 | D:10     | Reached skill level 10 in Fighting
 13118 | D:11     | Noticed Sonja
 13121 | D:11     | Killed Sonja
 13207 | D:11     | Found a staircase to the Orcish Mines.
 13246 | D:11     | Reached skill level 10 in Armour
 13475 | D:11     | Found a staircase to the Lair.
 13821 | D:11     | Found a portal to a secret trove of treasure.
 13907 | Orc:1    | Entered Level 1 of the Orcish Mines
 14103 | Orc:1    | Noticed an orc sorcerer
 14108 | Orc:1    | Killed an orc sorcerer
 14108 | Orc:1    | Received a gift from Trog
 14277 | Orc:1    | Found Teaha's Jewellery Emporium.
 14306 | Orc:1    | Noticed a two-headed ogre
 14315 | Orc:1    | Killed a two-headed ogre
 14316 | Orc:1    | Reached skill level 11 in Fighting
 14729 | Orc:2    | Entered Level 2 of the Orcish Mines
 14729 | Orc:2    | Found Fagg's Magic Scroll Shoppe.
 14744 | Orc:2    | Noticed an orc knight
 14770 | Orc:1    | Killed an orc knight
 15444 | Orc:2    | Noticed an oklob plant
 15493 | Orc:2    | Found a staircase to the Elven Halls.
 15529 | Orc:2    | Bought a scroll of fear for 38 gold pieces
 15529 | Orc:2    | Bought a scroll of enchant weapon for 82 gold pieces
 15609 | Orc:2    | Noticed an orc sorcerer
 15609 | Orc:2    | Noticed an orc high priest
 15644 | Orc:2    | Paralysed by an orc sorcerer for 7 turns
 15645 | Orc:2    | Gained mutation: You are clumsy. (Dex -2) [a neqoxec]
 15657 | Orc:1    | Paralysed by an orc sorcerer for 3 turns
 15664 | Orc:1    | Killed an orc sorcerer
 15665 | Orc:1    | Reached XP level 12. HP: 15/110 MP: 11/11
 16261 | Orc:2    | Killed an orc high priest
 16473 | Orc:2    | Received a gift from Trog
 16717 | Orc:2    | Reached skill level 12 in Fighting
 16730 | Orc:2    | Noticed an ogre mage
 16744 | Orc:2    | Killed an ogre mage
 17435 | Orc:2    | Found Odidargha's Antique Weapon Shoppe.
 17448 | Orc:2    | Found Yvesoot's Magic Scroll Emporium.
 17450 | Orc:2    | Noticed Nergalle
 17464 | Orc:2    | Killed Nergalle
 17502 | Orc:2    | Bought a scroll of magic mapping for 56 gold pieces
 17537 | Orc:2    | Noticed Erolcha
 17549 | Orc:2    | Killed Erolcha
 17549 | Orc:2    | Received a gift from Trog
 17566 | Orc:2    | Found a radiant altar of Vehumet.
 17621 | Orc:2    | Found an ancient bone altar of Kikubaaqudgha.
 17642 | Orc:2    | Found Difuboj's Gadget Shoppe.
 17643 | Orc:2    | Found a roughly hewn altar of Beogh.
 17646 | Orc:2    | Paralysed by an orc sorcerer for 3 turns
 17649 | Orc:2    | Gained mutation: Armour fits poorly on your strangely
                  | shaped body. [a neqoxec]
 17806 | Orc:2    | Found Elozeaprad's Book Shoppe.
 18103 | Lair:1   | Entered Level 1 of the Lair of Beasts
 18114 | Lair:1   | Reached skill level 13 in Fighting
 18655 | Lair:2   | Noticed Gastronok
 18666 | Lair:2   | Killed Gastronok
 18667 | Lair:2   | Reached skill level 10 in Dodging
 18705 | Lair:2   | Found a frozen archway.
 18730 | IceCv    | Entered an ice cave
 18734 | IceCv    | Reached XP level 13. HP: 123/123 MP: 12/12
 18768 | IceCv    | Received a gift from Trog
 19364 | IceCv    | Reached skill level 14 in Fighting
 19478 | IceCv    | Noticed a frost giant
 19489 | IceCv    | Killed a frost giant
 19901 | IceCv    | Got a glimmering glaive
 19902 | IceCv    | Identified the +9 glaive of Crystal {freeze, rPois Int+4}
                  | (You found it in an ice cave)
 21190 | Lair:2   | Reached skill level 15 in Fighting
 21412 | Lair:2   | Noticed Harold
 21425 | Lair:2   | Killed Harold
 21430 | Lair:2   | Got a transparent rapier
 21431 | Lair:2   | Identified the +5 rapier "Ciobemum" {freeze, Dex+5} (You
                  | found it on level 2 of the Lair of Beasts)
 22172 | Lair:3   | Got an ancient copper ring
 22174 | Lair:3   | Identified the ring "Gorusamm" {rN+ EV+4} (You found it on
                  | level 3 of the Lair of Beasts)
 22212 | Lair:3   | Noticed Snorg
 22220 | Lair:3   | Killed Snorg
 22753 | Lair:3   | Reached XP level 14. HP: 136/136 MP: 13/13
 22863 | Lair:3   | Got a jewelled falchion
 22864 | Lair:3   | Identified the +8 falchion of Apiuk {vorpal, rElec Str+9
                  | Stlth-} (You found it on level 3 of the Lair of Beasts)
 23127 | Lair:4   | Received a gift from Trog
 23222 | Lair:4   | Found a hole to the Spider Nest.
 23613 | Lair:4   | Found a staircase to the Shoals.
 23630 | Lair:4   | Reached skill level 16 in Fighting
 23919 | Lair:4   | Reached skill level 5 in Evocations
 24813 | Lair:5   | Found a transporter.
 24829 | Lair:5   | Noticed Mortifus's ghost (journeyman TrBe)
 24913 | Lair:5   | Found a transporter.
 25257 | Lair:5   | Found a staircase to the Slime Pits.
 25257 | Lair:5   | Found a viscous altar of Jiyva.
 25476 | Lair:5   | Demolished by a komodo dragon

Illustrated notes

Levels and vault maps discovered:
D:1:      onia_arrival_handbag, layout_loops_ring, hangedman_decor_points
D:2:      layout_basic
D:3:      layout_loops_ring, led_sif_pool, serial_rivers,
          chequers_serial_rivers_micro_b, chequers_serial_rivers_small_3,
          chequers_serial_rivers_small_b, chequers_serial_rivers_small_b,
          chequers_serial_rivers_room_b, uniq_terence, uniq_crazy_yiuf_cottage,
          uniq_ijyb, uniq_robin
D:4:      layout_basic, serial_forest, infiniplex_forest_clump_curved,
          infiniplex_forest_clump_medium, infiniplex_forest_clump_long,
          infiniplex_forest_join, infiniplex_forest_clump_medium,
          grunt_decor_clamped, minivault_25
D:5:      layout_cave_pods, minmay_temple_entry_purple_smoke
D:6:      minmay_recursive_quarters, layout_cave_pools,
          lightli_ossuary_entry_decrepit_ruins
D:7:      layout_cave_pools
D:8:      layout_cave_pools, enter_bailey_2, nicolae_zen_rock_garden,
          jmf_multi_god_temple
D:9:      kennysheep_blocky_hall, layout_irregular_city
D:10:     layout_roguey, serial_shops, shop, xom_redecorated
D:11:     layout_small_grid, lair_entry_dummy, orc_0_dummy, enter_trove_3,
          uniq_sonja, uniq_josephine
Temple:   minmay_crystal_snake_temple
Lair:1:   layout_gridlike
Lair:2:   layout_small_grid, portal_ice_cave_entry_ice_beasts,
          serial_bayou_lagoon_b, uniq_gastronok, uniq_harold
Lair:3:   layout_regular_city, hibernation_bobbens, uniq_snorg
Lair:4:   layout_cave_pods, elwin_shoals_entry_stream, spider_nest_entry_webs,
          lemuel_fruit_fields
Lair:5:   layout_gridlike, slime_altar_1, gammafunk_ghost_berserking_beasts
Orc:1:    layout_caves, serial_shops, shop, nicolae_orc_stony_grotto
Orc:2:    kennysheep_orc_mage_school, layout_diamond_mine, serial_shops, shop,
          mines3_lemuel

Skill      XL: |  1  2  3  4  5  6  7  8  9 10 11 12 13 14 |
---------------+-------------------------------------------+-----
Long Blades    | 4 5 6 7 8 10 11 13 14 | 14.0
Fighting       | 4 5 6 7 8 9 11 13 15 16 | 16.7
Dodging        | 3 4 5 6 7 8 10 11 | 11.6
Armour         | 3 4 6 7 9 11 13 14 | 14.9
Throwing       | 1 |  1.2
Evocations     | 1 4 5 |  5.6
Stealth        | |  0.1

Action                   |  1- 3 |  4- 6 |  7- 9 | 10-12 | 13-15 || total
-------------------------+-------+-------+-------+-------+-------++-------
Melee: Falchion          |    59 |   116 |   418 |   195 |   162 ||   950
       Headbutt          |    10 |    24 |   123 |   134 |   131 ||   422
       Unarmed           |       |     3 |       |       |       ||     3
       Scimitar          |       |       |       |   218 |    20 ||   238
       Glaive            |       |       |       |     4 |     6 ||    10
       Great sword       |       |       |       |   135 |   200 ||   335
       Long sword        |       |       |       |       |     5 ||     5
Throw: Stone             |       |     2 |       |       |       ||     2
Invok: Berserk           |     2 |     3 |     3 |     6 |       ||    14
       Trog's Hand       |       |       |     2 |     3 |     2 ||     7
       Brothers in Arms  |       |       |       |     2 |       ||     2
 Abil: Evoke Flight      |       |       |     3 |       |     1 ||     4
Evoke: Wand              |       |       |       |     1 |       ||     1
  Use: Scroll            |       |       |    14 |     6 |     2 ||    22
 Stab: Paralysed         |       |       |       |     3 |       ||     3
Armor: Animal skin       |    14 |    16 |     3 |       |       ||    33
       Skin              |       |     3 |       |       |       ||     3
       Leather armour    |       |       |    49 |       |       ||    49
       Ring mail         |       |       |     8 |    76 |       ||    84
       Scale mail        |       |       |       |    97 |       ||    97
       Ice dragon scales |       |       |       |    13 |   157 ||   170
Dodge: Dodged            |    37 |    98 |   370 |   471 |   377 ||  1353
       Rpst.: Falchion   |     9 |    27 |    88 |    44 |    38 ||   206
       Scimitar          |       |       |       |    50 |     5 ||    55
       Great sword       |       |       |       |    25 |    50 ||    75
